 Dungeon Crawl Stone Soup version 0.19-a0-990-gf36c7f1 (webtiles) character file.

1595 Implojin the Grappler (level 8, 73/74 HPs)
             Began as a Troll Fighter on July 14, 2016.
             Quit the game on level 4 of the Dungeon.
             The game lasted 00:09:09 (2332 turns).

Implojin the Grappler (Troll Fighter)               Turns: 2332, Time: 00:09:09

Health: 73/74      AC:  5    Str: 25    XL:     8   Next: 62%
Magic:  7/7        EV:  8    Int:  4    God:
Gold:   176        SH: 10    Dex: 11    Spells: 0 memorised, 7 levels left

rFire  . . .     SeeInvis +       - Unarmed
rCold  . . .     Gourm    +     a - +0 robe
rNeg   . . .     Faith    .     b - +1 shield
rPois  .         Spirit   .     (helmet restricted)
rElec  .         Dismiss  .     (no cloak)
rCorr  .         Reflect  .     (gloves unavailable)
SustAt .         Harm     .     (boots unavailable)
MR     .....                    (no amulet)
Stlth  ++........               h - ring of see invisible
                                k - ring of stealth

@: not resistant to hostile enchantments, unstealthy
A: unfitting armour, claws 3, fast metabolism 3, gourmand, regeneration 2,
shaggy fur 1, tough skin 2
a: no special abilities


You were on level 4 of the Dungeon.
You were near starving.

You visited 1 branch of the dungeon, and saw 8 of its levels.

You collected 176 gold pieces.

Inventory:

Hand Weapons
 r - a +0 morningstar
Missiles
 g - 5 tomahawks (quivered)
Armour
 a - a +0 robe (worn)
 b - a +1 shield (worn)
Jewellery
 f - an uncursed ring of wizardry
 h - a ring of see invisible (right claw)
 k - a ring of stealth (left claw)
 p - a +6 ring of dexterity {unknown}
Wands
 i - a wand of iceblast (13/15)
Scrolls
 e - a scroll of fear {unknown}
 o - a scroll of enchant armour
 s - a scroll of fog {unknown}
 t - a scroll of remove curse {unknown}
Potions
 j - a potion of heal wounds
 l - 3 potions of curing
 n - 2 potions of degeneration
 q - a potion of berserk rage {unknown}
Books
 c - a book of the Earth

   Spells                             Type                      Level
   a - Leda's Liquefaction            Hexes/Earth                  4
   b - Bolt of Magma                  Conjuration/Fire/Earth       5
   c - Statue Form                    Transmutation/Earth          6
   d - Iron Shot                      Conjuration/Earth            6
   e - Shatter                        Earth                        9
 m - an Akashic Record

   Spells                             Type                      Level
   a - Dispersal                      Translocation                6
   b - Malign Gateway                 Summoning/Translocation      7
   c - Disjunction                    Translocation                8
   d - Controlled Blink               Translocation                8
Comestibles
 d - 6 bread rations


   Skills:
 - Level 2.4 Fighting
 - Level 2.4 Dodging
 - Level 2.4 Shields
 * Level 11.0 Unarmed Combat


You had 7 spell levels left.
You didn't know any spells.

Dungeon Overview and Level Annotations

Branches:
Dungeon (8/15)             Temple (0/1) D:4
   Lair: D:8-11

Altars:
Dithmenos
Qazlal
Vehumet
Xom
Zin

Shops:
D:4 (

Annotations:
D:2 Sigmund
D:5 Trees's ghost, novice GrFi


Innate Abilities, Weirdness & Mutations

You are too large for most types of armour.
You have claws for hands.
Your metabolism is lightning-fast.
You like to eat raw meat.
You heal very quickly.
You are covered in fur. (AC +1)
You have very tough skin. (AC +2)


Message History

You block the phantom's attack.
You scratch the phantom.
The phantom is almost destroyed.
The phantom hits you.
You barely miss the phantom.
The phantom is almost destroyed.
The phantom hits you.
The phantom blinks!
The phantom blinks!
The phantom blinks!
You scratch the phantom.
You destroy the phantom!
Your Unarmed Combat skill increases to level 11!
There is an open door here. 2 jackals come into view.
The jackal barks!
There is an open door here.
There are monsters nearby!
A jackal comes into view.
You are near starving!
Found a staircase to the Ecumenical Temple.
The jackal barks!
The jackal bites you but does no damage.
You block the jackal's attack.
The jackal barks!
You claw the jackal!
You kill the jackal!
The jackal barely misses you. x2
You scratch the jackal but do no damage.
The jackal bites you but does no damage.
You claw the jackal!
You kill the jackal!
You block the jackal's attack. The jackal bites you.
You see here a jackal corpse.
The jackal closely misses you. The jackal bites you.
You claw the jackal!
You kill the jackal!
You see here a jackal corpse.
You see here a jackal corpse.
Are you sure you want to abandon this character and quit the game? (Confirm with "yes".)

#.......#..######..#..
#.......#..##..##..#..
#.......#..#.......#..
#.......#..#.......#..
#.......'..'.......#..
#.......#..#.......#..
#.......#..######..#..
#...†...#..##..##..#..
#....@..#..'.......#..
#.......#..#.......#..
#.......#..##..##..#..
#.......#..##..##<.#..
#..>....#.......#..#..
#.......#.......'..#..
#.......#.).....#..#..
#.......#.......#..#..
#.......#..#..


There were no monsters in sight!

Vanquished Creatures
  Eustachio (D:6)
  2 hippogriffs (D:7)
  Duvessa (D:5)
  An ogre (D:4)
  An orc warrior (D:7)
  A phantom (D:4)
  A centaur (D:7)
  2 giant frogs
  Dowan (D:5)
  A scorpion (D:5)
  A crimson imp (D:7)
  A hound (D:7)
  A jelly (D:6)
  2 centaur skeletons
  A giant frog skeleton (D:4)
  An orc priest (D:7)
  An orc wizard (D:7)
  2 iguanas
  4 worker ants
  2 hound skeletons (D:6)
  A howler monkey skeleton (D:4)
  3 shadow imps (D:6)
  An ooze (D:6)
  An adder zombie (D:5)
  A worm (D:2)
  2 giant geckos
  17 orcs
  2 ball pythons
  A bat (D:3)
  3 giant cockroaches
  A goblin (D:1)
  11 jackals
  A ball python skeleton (D:4)
  A giant gecko skeleton (D:4)
  A kobold (D:2)
  2 rats
77 creatures vanquished.

Notes
Turn   | Place    | Note
-------+----------+-------------------------------------------
     0 | D:1      | Implojin the Troll Fighter began the quest for the Orb.
     0 | D:1      | Reached XP level 1. HP: 22/22 MP: 0/0
    88 | D:2      | Reached XP level 2. HP: 29/29 MP: 1/1
   117 | D:2      | Noticed Sigmund
   146 | D:3      | Reached skill level 3 in Unarmed Combat
   220 | D:4      | Found Ravirr's Weapon Boutique.
   244 | D:4      | Reached XP level 3. HP: 36/36 MP: 2/2
   260 | D:4      | Found a shadowy altar of Dithmenos.
   353 | D:4      | Noticed an ogre
   360 | D:4      | Killed an ogre
   360 | D:4      | Reached skill level 5 in Unarmed Combat
   360 | D:4      | Reached XP level 4. HP: 9/44 MP: 3/3
   376 | D:5      | Entered Level 5 of the Dungeon
   376 | D:5      | Noticed Trees's ghost (novice GrFi)
   393 | D:5      | Noticed Duvessa
   394 | D:5      | Noticed Dowan
   404 | D:5      | Killed Duvessa
   404 | D:5      | Reached skill level 6 in Unarmed Combat
   404 | D:5      | Reached XP level 5. HP: 17/50 MP: 4/4
   414 | D:5      | Killed Dowan
   414 | D:5      | Reached XP level 6. HP: 10/59 MP: 5/5
   612 | D:4      | Reached skill level 7 in Unarmed Combat
   846 | D:6      | Reached XP level 7. HP: 66/66 MP: 6/6
   850 | D:6      | Found a radiant altar of Vehumet.
   989 | D:6      | Noticed Eustachio
  1019 | D:6      | Killed Eustachio
  1019 | D:6      | Reached skill level 8 in Unarmed Combat
  1063 | D:7      | Noticed a hippogriff
  1073 | D:7      | Killed a hippogriff
  1073 | D:7      | Reached skill level 9 in Unarmed Combat
  1118 | D:7      | Found a glowing silver altar of Zin.
  1149 | D:7      | Reached XP level 8. HP: 52/74 MP: 7/7
  1212 | D:7      | Reached skill level 10 in Unarmed Combat
  1394 | D:8      | Noticed a two-headed ogre
  1579 | D:6      | Found a shimmering altar of Xom.
  2014 | D:4      | Found a stormy altar of Qazlal.
  2289 | D:4      | Reached skill level 11 in Unarmed Combat
  2320 | D:4      | Found a staircase to the Ecumenical Temple.
  2332 | D:4      | Quit the game

Vault maps used:
D:1:      minmay_arrival_loop
D:2:      uniq_sigmund
D:4:      lemuel_round_altar, lemuel_doored_altar, serial_shops, shop
D:5:      cheibrodos_worm_habitat, first_bread, uniq_duvessa
D:6:      xom_teletrap_fun, fiery_altar_vehumet, uniq_eustachio
D:7:      basic_altar, roderic_lattice_a
D:8:      marbit_many_paths, due_lair_maze_entry_diamond

Skill      XL: |  1  2  3  4  5  6  7  8 |
---------------+-------------------------+-----
Unarmed Combat | 3 5 6 7 9 11 | 11.0
Fighting       | |  2.4
Dodging        | |  2.4
Shields        | |  2.4

Action                   |  1- 3 |  4- 6 |  7- 9 || total
-------------------------+-------+-------+-------++-------
Melee: Unarmed           |    48 |    61 |   131 ||   240
  Use: Potion            |       |     1 |       ||     1
       Scroll            |       |       |     7 ||     7
 Stab: Sleeping          |       |     2 |     1 ||     3
  Eat: Chunk             |     6 |     4 |     7 ||    17
Armor: Robe              |    29 |    17 |    57 ||   103
Dodge: Dodged            |    26 |    12 |    66 ||   104
Block: Shield            |    41 |    24 |    84 ||   149

Table legend:
 A = Turns spent in this place as a percentage of turns spent in the entire game.
 B = Non-inter-level travel turns spent in this place as a percentage of non-inter-level travel turns spent in the entire game.
 C = Inter-level travel turns spent in this place as a percentage of turns spent in this place.
 D = Turns resting spent in this place as a percentage of non-inter-level travel turns spent in this place.
 E = Turns spent auto-exploring this place as a percentage of non-inter-level travel turns spent in this place.
 F = Non-inter-level travel turns spent in this place divided by the number of levels of this place that you've seen.
                   A       B       C       D       E      F
               +-------+-------+-------+-------+-------+----------------------
         Total | 100.0 | 100.0 |   0.0 |   0.0 |   0.6 | 231.6
       Dungeon | 100.0 | 100.0 |   0.0 |   0.0 |   0.6 | 231.6
               +-------+-------+-------+-------+-------+----------------------

Table legend:
 A = Kills in this place as a percentage of kills in entire the game.
 B = Kills by you in this place as a percentage of kills by you in the entire game.
 C = Kills by friends in this place as a percentage of kills by friends in the entire game.
 D = Other kills in this place as a percentage of other kills in the entire game.
 E = Experience gained in this place as a percentage of experience gained in the entire game.
 F = Experience gained in this place divided by the number of levels of this place that you have seen.
                   A       B       C       D       E      F
               +-------+-------+-------+-------+-------+----------------------
         Total | 100.0 | 100.0 |  -nan |  -nan | 100.0 | 284.9
       Dungeon | 100.0 | 100.0 |  -nan |  -nan | 100.0 | 284.9
               +-------+-------+-------+-------+-------+----------------------
